 Dungeon Sprint DCSS version 0.31-a0-596-g831eee08f1 (webtiles) character file.

Game seed: 15590585399805881322

4682 sircluck the Grappler (level 10, -14/111 HPs)
             Began as a Troll Fighter on Aug 20, 2023.
             Was a Believer of Jiyva.
             Demolished by a phantasmal warrior (31 damage)
             ... summoned by a vampire mage
             ... in the Dungeon (Sprint VII: "The Pits").
             The game lasted 00:04:10 (569 turns).

sircluck the Grappler (Troll Fighter)                Turns: 569, Time: 00:04:11

Health: -14/111    AC:  4    Str: 30    XL:     10   Next: 21%
Magic:  9/9        EV: 12    Int:  4    God:    Jiyva [**....]
Gold:   0          SH: 11    Dex:  9    Spells: 9/9 levels left

rFire   + .          .
                       - Unarmed
rCold   . . .        b - +0 kite shield
rNeg    . . .        o - +0 robe {rF+}
rPois   .            (helmet restricted)
rElec   .            (no cloak)
rCorr   +            (gloves unavailable)
SInv    .            (boots unavailable)
Will    .....        (no amulet)
Stlth   +            (no ring)
HPRegen 2.14/turn    (no ring)
MPRegen 0.41/turn

%: no teleportation
@: no status effects
A: large, unfitting armour, claws 3, regeneration 1, shaggy fur 1, tough skin 1
a: Renounce Religion


You were in the Dungeon.
You worshipped Jiyva.
Jiyva was pleased with you.
You visited 1 branch

Inventory:

Hand Weapons
 s - the +10 dark maul {heavy}
   (You found it in the Dungeon)
Missiles
 n - 14 stones
Armour
 a - a +0 robe
 b - a +0 kite shield (worn)
 o - a +0 robe of fire resistance (worn)
Jewellery
 p - a +3 ring of intelligence
 q - a +3 ring of evasion
Wands
 i - a wand of polymorph (4)
Scrolls
 k - 2 scrolls of vulnerability
 l - 5 scrolls of amnesia
Potions
 d - 9 potions of curing
 e - 5 potions of heal wounds
 f - a potion of haste
 g - 4 potions of magic
 h - 4 potions of berserk rage
 r - 2 potions of mutation


   Skills:
 + Level 10.7 Fighting
 + Level 10.7 Dodging
 + Level 11.6 Shields
 + Level 12.4 Unarmed Combat


You had 9 spell levels left.
You didn't know any spells.
Your spell library was empty.

Dungeon Overview and Level Annotations

Branches:
Dungeon (1/1)

Altars:
Ashenzari
Cheibriados
Dithmenos
Elyvilon
Fedhas
Gozag
Hepliaklqana
Kikubaaqudgha
Makhleb
Nemelex Xobeh
Okawaru
Qazlal
Ru
Sif Muna
Trog
Uskayaw
Vehumet
Wu Jian
Xom
Yredelemnul
Zin
The Shining One
Jiyva
Lugonu


Innate Abilities, Weirdness & Mutations

You are too large for most types of armour.
You have claws for hands.
Your natural rate of healing is unusually fast.
You are covered in fur. (AC +1)
You have tough skin. (AC +1)


Message History

You mangle the flayed ghost!!
You destroy the flayed ghost!
The terrible wounds on your body vanish.
Something hits you! Something bites you.
Something draws strength from your injuries!
You feel a little less mighty now. Something hits you!
You block something's attack. Something hits you. Something bites you.
Something draws strength from your injuries!
You hear a distant slurping noise.
Something hits you. Something bites you but does no damage.
You claw something! Something hits you but does no damage. Something bites you.
Something draws strength from your injuries!
Something hits you. Something bites you.
Something draws strength from your injuries!
Something hits you but does no damage. Something bites you!
Something draws strength from your injuries!
You scratch something but do no damage. You scratch something but do no damage.
Something hits you!
* * * LOW HITPOINT WARNING * * *
Something bites you.
* * * LOW HITPOINT WARNING * * *
Something draws strength from your injuries!
You barely miss something.
You hear some strange, mumbled words.
You mangle something!!
You hear some strange, mumbled words.
A bolt of negative energy appears from out of thin air!
The bolt of negative energy misses you.
The bolt of negative energy hits the phantasmal warrior.
The phantasmal warrior completely resists.
You barely miss something. The necrophage hits you!
* * * LOW HITPOINT WARNING * * *
You block the phantasmal warrior's attack.
Something hits you but does no damage. Something bites you.
* * * LOW HITPOINT WARNING * * *
Something draws strength from your injuries!
You mangle something!! You block the necrophage's attack.
The phantasmal warrior hits you!!
You die...

#......#..#......#
#................+
'................+
#......#..#......#
#................#
####'#####''######
#.......##''# ##### ###
#.......##..###..n###..+
#.......##...##W@{##..#
#...<...###...##'##..##
#.......# ##..........##
#.......###..###+###...#
#.......##..##.....##..#
##########..'.......+..+
##########..##...†.##..#
...#..[[###..###)###...#
...#..[[# ##..........##


You could see a phantasmal warrior (summoned) and a necrophage (summoned).

Vanquished Creatures
  Erolcha (D)
  3 flayed ghosts (D)
  A deep elf pyromancer (D)
  An orc sorcerer (D)
  A gargoyle (D)
  An unseen horror (D)
  A rime drake (D)
  A snapping turtle (D)
  A redback (D)
  Duvessa (D)
  A sky beast (D)
  A phantom (D)
  A centaur (D)
  A scorpion (D)
  Dowan (D)
  A hound (D)
  An orc wizard (D)
  2 iguanas (D)
  A gnoll (D)
  2 adders (D)
  A river rat (D)
  An ufetubus (D)
  4 orcs (D)
  2 ball pythons (D)
  A bat (D)
  A quokka (D)
  A ball python skeleton (D)
  A frilled lizard (D)
  A kobold (D)
  A rat (D)
38 creatures vanquished.

Vanquished Creatures (others)
  Dissolution (D)
  Xtahua (D)
  A deep elf master archer (D)
  A titan (D)
  A sphinx (D)
  2 acid blobs (D)
  A rockslime (D)
  An azure jelly (D)
  A draconian stormcaller (D)
  A ghost moth (D)
  A green death (D)
  2 great orbs of eyes (D)
  An ice devil (D)
  2 slime creatures (D)
  A golden eye (D)
  A water elemental (D)
  2 floating eyes (D)
  A black bear (D)
  2 jellies (D)
  An orc wizard (D)
  A bat skeleton (D)
  An endoplasm (D)
  A quokka zombie (D)
28 creatures vanquished.

Grand Total: 66 creatures vanquished

Notes
Turn   | Place    | Note
-------+----------+-------------------------------------------
     0 | D        | sircluck the Troll Fighter began the quest for the Orb.
     0 | D        | Reached XP level 1. HP: 22/22 MP: 0/0
    57 | D        | Found a bloodstained altar of Trog.
    57 | D        | Found a shimmering blue altar of Sif Muna.
    57 | D        | Found a viscous altar of Jiyva.
    57 | D        | Found a hazy altar of Hepliaklqana.
    57 | D        | Found an opulent altar of Gozag.
    58 | D        | Found a glowing golden altar of the Shining One.
    58 | D        | Found a glowing silver altar of Zin.
    58 | D        | Found a basalt altar of Yredelemnul.
    58 | D        | Found a shimmering altar of Xom.
    58 | D        | Found an ornate altar of the Wu Jian Council.
    58 | D        | Found a sacrificial altar of Ru.
    58 | D        | Found a stormy altar of Qazlal.
    58 | D        | Found an iron altar of Okawaru.
    58 | D        | Found a sparkling altar of Nemelex Xobeh.
    58 | D        | Found a burning altar of Makhleb.
    58 | D        | Found a blossoming altar of Fedhas.
    58 | D        | Found a white marble altar of Elyvilon.
    58 | D        | Found a shadowy altar of Dithmenos.
    58 | D        | Found a snail-covered altar of Cheibriados.
    60 | D        | Found a radiant altar of Vehumet.
    60 | D        | Found a corrupted altar of Lugonu.
    61 | D        | Found a hide-covered altar of Uskayaw.
    61 | D        | Found an ancient bone altar of Kikubaaqudgha.
    61 | D        | Found a broken altar of Ashenzari.
    65 | D        | Became a worshipper of Jiyva Joics the Shapeless
    67 | D        | Killed a green death
    68 | D        | Killed Xtahua
    68 | D        | Killed a slime creature
    68 | D        | Killed a white draconian stormcaller
    68 | D        | Killed an azure jelly
    68 | D        | Killed an ice devil
    70 | D        | Killed a titan
    70 | D        | Killed a deep elf master archer
    71 | D        | Killed a great orb of eyes
    71 | D        | Killed an acid blob
    72 | D        | Killed a ghost moth
    73 | D        | Killed an acid blob
    74 | D        | Killed a great orb of eyes
    75 | D        | Killed a rockslime
    77 | D        | Killed a slime creature
    83 | D        | Reached XP level 2. HP: 31/31 MP: 1/1
    86 | D        | Killed a sphinx
    93 | D        | Killed Dissolution
    94 | D        | Reached skill level 3 in Unarmed Combat
    97 | D        | Noticed a floating eye
   116 | D        | Reached XP level 3. HP: 20/37 MP: 2/2
   154 | D        | Reached * piety under Jiyva
   164 | D        | Noticed Duvessa
   164 | D        | Noticed Dowan
   164 | D        | Noticed a sky beast
   168 | D        | Killed a sky beast
   169 | D        | Reached skill level 5 in Shields
   169 | D        | Reached skill level 5 in Unarmed Combat
   169 | D        | Reached XP level 4. HP: 44/49 MP: 3/3
   177 | D        | Noticed a black bear
   197 | D        | Killed Duvessa
   198 | D        | Reached skill level 5 in Fighting
   198 | D        | Reached skill level 5 in Dodging
   198 | D        | Reached skill level 6 in Unarmed Combat
   198 | D        | Reached XP level 5. HP: 40/57 MP: 4/4
   203 | D        | Killed a black bear
   204 | D        | Reached XP level 6. HP: 29/67 MP: 5/5
   222 | D        | Killed a floating eye
   224 | D        | Killed Dowan
   232 | D        | Killed a golden eye
   241 | D        | Reached skill level 7 in Unarmed Combat
   243 | D        | Killed a water elemental
   258 | D        | Noticed an orc sorcerer
   262 | D        | Killed an orc sorcerer
   263 | D        | Reached skill level 8 in Unarmed Combat
   263 | D        | Reached XP level 7. HP: 78/78 MP: 6/6
   295 | D        | Noticed a rime drake
   302 | D        | Killed a rime drake
   303 | D        | Reached skill level 9 in Unarmed Combat
   303 | D        | Reached XP level 8. HP: 30/88 MP: 7/7
   313 | D        | Found the +10 dark maul {heavy}
   435 | D        | Noticed a deep elf pyromancer
   436 | D        | Noticed a snapping turtle
   444 | D        | Killed a deep elf pyromancer
   445 | D        | Reached skill level 10 in Unarmed Combat
   448 | D        | Killed a snapping turtle
   451 | D        | Reached ** piety under Jiyva
   451 | D        | Noticed a flayed ghost
   463 | D        | Killed a flayed ghost
   464 | D        | Reached skill level 10 in Shields
   464 | D        | Reached XP level 9. HP: 87/98 MP: 8/8
   473 | D        | Noticed a flayed ghost
   473 | D        | Noticed Erolcha
   487 | D        | Noticed a gargoyle
   488 | D        | Killed Erolcha
   489 | D        | Reached skill level 11 in Unarmed Combat
   497 | D        | Killed a flayed ghost
   498 | D        | Reached skill level 10 in Fighting
   498 | D        | Reached skill level 10 in Dodging
   502 | D        | Killed an unseen horror
   504 | D        | Killed a gargoyle
   505 | D        | Reached skill level 12 in Unarmed Combat
   505 | D        | Reached XP level 10. HP: 97/111 MP: 9/9
   550 | D        | Noticed a flayed ghost
   551 | D        | Noticed a vampire mage
   557 | D        | Killed a flayed ghost
   567 | D        | Noticed a phantasmal warrior
   569 | D        | Demolished by a phantasmal warrior

Illustrated notes

Levels and vault maps discovered:
D:        pitsprint [storerooms_1, entrance_room_1, metal_vault_5, armoury_1,
          mini_pit_1, grid_room_1, main_hall_1, silver_pit, the_coven_2,
          the_vestibule_1, steel_vault_3, golden_pit, hallway_of_sentries,
          crystal_vault_1, iron_vault_2, final_vault]

Skill      XL: |  1  2  3  4  5  6  7  8  9 |
---------------+----------------------------+-----
Fighting       | 3 4 5 7 9 10 | 10.7
Dodging        | 3 4 5 7 9 10 | 10.7
Shields        | 3 5 6 8 10 11 | 11.6
Unarmed Combat | 3 5 6 8 9 10 12 | 12.4

Action                     |  1- 3 |  4- 6 |  7- 9 | 10-12 || total
---------------------------+-------+-------+-------+-------++-------
  Melee: Unarmed           |    29 |    49 |    55 |    15 ||   148
    Use: Potion            |       |     2 |     7 |       ||     9
         Scroll            |       |     1 |     1 |       ||     2
   Stab: Invisible         |       |     3 |     2 |       ||     5
 Armour: Robe              |     5 |     4 |    15 |     6 ||    30
  Dodge: Dodged            |    12 |    30 |    17 |     2 ||    61
  Block: Kite shield       |     7 |    19 |    30 |     5 ||    61

Table legend: (Time is in decaauts)
 A = Elapsed time spent in this place.
 B = Non-inter-level travel time spent in this place.
 C = Inter-level travel time spent in this place.
 D = Time resting spent in this place.
 E = Time spent auto-exploring this place.
 F = Levels seen in this place.
 G = Mean time per level.
                   A        B        C        D        E       F      G
               +--------+--------+--------+--------+--------+-----+--------+
         Total |    565 |    438 |    127 |      2 |     30 |   1 |  565.0 |
       Dungeon |    565 |    438 |    127 |      2 |     30 |   1 |  565.0 |
               +--------+--------+--------+--------+--------+-----+--------+

Top non-repeatable levels by time:
       D: 565 daAuts
